 Dungeon Crawl Stone Soup version 0.31-a0-263-ge8cad7f256 (webtiles) character file.

Game seed: 14626019789499755680

18 qw the Shooter (level 2, -6/16 HPs)
             Began as a Gargoyle Hexslinger on July 13, 2023.
             Mangled by a gnoll
             ... wielding a +4 flail
              (12 damage)
             ... on level 1 of the Dungeon.
             The game lasted 00:00:11 (340 turns).

qw the Shooter (Gargoyle Hexslinger)                 Turns: 340, Time: 00:00:11

Health: -6/16      AC:  4    Str: 11    XL:     2   Next: 66%
Magic:  3/3        EV: 12    Int: 13    God:
Gold:   41         SH:  0    Dex: 12    Spells: 2/3 levels left

rFire   . . .        a - +1 sling
rCold   . . .        (no shield)
rNeg    + . .        c - +0 robe
rPois   inf          (no helmet)
rElec   +            (no cloak)
rCorr   .            (no gloves)
SInv    .            (no boots)
Will    .....        (no amulet)
Stlth   +            (no ring)
HPRegen 0.22/turn    (no ring)
MPRegen 0.08/turn

%: no passive effects
@: no status effects
A: sickness immunity, AC +2, negative energy resistance 1, electricity
resistance, torment resistance 1, petrification resistance
a: no special abilities


You were on level 1 of the Dungeon.
You visited 1 branch of the dungeon, and saw 1 of its levels.

You collected 41 gold pieces.


Innate Abilities, Weirdness & Mutations

You are immune to sickness and miasma.
Your stone body is resilient. (AC +2)
You are immune to poison.
You resist negative energy. (rN+)
You are resistant to electric shocks. (rElec)
You are resistant to unholy torment.
You are immune to petrification.


   Skills:
 + Level 1.5 Fighting
 - Level 3.0 Ranged Weapons
 - Level 1.5 Dodging
 - Level 1.0 Spellcasting
 - Level 2.6 Hexes


You had 2 spell levels left.
You knew the following spells:

 Your Spells              Type           Power      Damage    Failure   Level
a - Slow                  Hex            28%        N/A       10%         1

Your spell library contained the following spells:

 Spells                   Type           Power      Damage    Failure   Level
 Inner Flame              Hex/Fire       4%         N/A       43%         3
 Portal Projectile        Hex/Tloc       8%         N/A       43%         3
 Cause Fear               Hex            3%         N/A       67%         4

Inventory:

Hand Weapons
 a - a +1 sling (weapon)
Armour
 c - a +0 robe (worn)
 e - a +0 ring mail
Jewellery
 d - a ring of fire
Scrolls
 b - a scroll of poison
 f - a scroll of teleportation {unknown}
Potions
 g - a potion of mutation {unknown}

Dungeon Overview and Level Annotations

Branches:
Dungeon (1/15)

Altars:

Shops:
D:1 (*


Message History

Enter note:
Found a stone staircase leading down.
g - a golden potion
Enter note:
Enter note:
Enter note: An endoplasm comes into view.
Enter note:
Enter note:
Enter note: You shoot a sling bullet.
The sling bullet hits the endoplasm.
The endoplasm is severely wounded.
You shoot a sling bullet. The sling bullet hits the endoplasm.
The endoplasm is almost dead.
You shoot a sling bullet. The sling bullet hits the endoplasm.
You kill the endoplasm!
A gnoll comes into view. It is wielding a +4 flail.
The gnoll shouts!
Enter note:
Enter note:
Enter note: You shoot a sling bullet.
The sling bullet barely misses the gnoll.
You shoot a sling bullet.
The sling bullet barely misses the gnoll.
You shoot a sling bullet. The sling bullet hits the gnoll.
The gnoll is lightly wounded.
You shoot a sling bullet. The sling bullet hits the gnoll.
The gnoll is moderately wounded.
You shoot a sling bullet. The sling bullet hits the gnoll.
The gnoll is heavily wounded.
The gnoll hits you with a +4 flail. The gnoll hits you with a +4 flail!
You shoot a sling bullet. The sling bullet hits the gnoll.
The gnoll is severely wounded.
The gnoll barely misses you.
You shoot a sling bullet. The sling bullet hits the gnoll.
The gnoll is almost dead.
The gnoll hits you with a +4 flail!
Ouch! That really hurt!
You die...

...####..........
.....##..........#######
...#....................
...#....................
77.#.#..................
7...#..................
7.#.#................#
7...#.>.........g....#
7.###..........@.....#
77.######..#####......#
7.........## #.#.####
..######### #.#.#
......# #.# # ......#
#.. ......# #.. ......#
#.. ......#


You could see a gnoll.

Vanquished Creatures
  A bat (D:1)
  2 endoplasms (D:1)
  A giant cockroach (D:1)
  4 goblins (D:1)
  A hobgoblin (D:1)
  4 ball pythons (D:1)
  A frilled lizard (D:1)
  A kobold (D:1)
  A rat (D:1)
16 creatures vanquished.

Notes
Turn   | Place    | Note
-------+----------+-------------------------------------------
     0 | D:1      | qw the Gargoyle Hexslinger began the quest for the Orb.
     0 | D:1      | Reached XP level 1. HP: 12/12 MP: 2/2
     0 | D:1      | 0 ||| qw: Version: 0.3-a-52-g30416fa
     0 | D:1      | 0 ||| qw: Game counter: 7348
     0 | D:1      | 0 ||| qw: Melee chars always use a shield: true
     0 | D:1      | 0 ||| qw: God list: Okawaru
     0 | D:1      | 0 ||| qw: Allow faded altars: false
     0 | D:1      | 0 ||| qw: Do Orc after clearing Dungeon:15 true
     0 | D:1      | 0 ||| qw: Do second Lair branch before Depths: true
     0 | D:1      | 0 ||| qw: Lair rune preference: random
     0 | D:1      | 0 ||| qw: Goals: Normal
     0 | D:1      | 0 ||| PLANNING D:1-11
    57 | D:1      | HP: 2/12 [hobgoblin (4)]
   141 | D:1      | Reached XP level 2. HP: 16/16 MP: 3/3
   164 | D:1      | Reached skill level 3 in Ranged Weapons
   178 | D:1      | Found a faded altar of an unknown god.
   197 | D:1      | 197 ||| Stepping ~*~*~tactically~*~*~ (water).
   197 | D:1      | Found Haidaor's Assorted Antiques.
   204 | D:1      | Found Ewniungo's Antique Weapon Shoppe.
   210 | D:1      | 210 ||| SHOPLISTING cloak (130 gold, have 12).
   210 | D:1      | 210 ||| SHOPLISTING grey potion (26 gold, have 12).
   210 | D:1      | 210 ||| SHOPLISTING sapphire potion (26 gold, have 12).
   210 | D:1      | 210 ||| SHOPLISTING scroll labelled BATEGY YBATO (29 gold,
                  | have 12).
   210 | D:1      | 210 ||| SHOPLISTING scroll labelled ONIUTE CURHO (29 gold,
                  | have 12).
   210 | D:1      | 210 ||| SHOPLISTING scroll labelled VUTIHO EMNAURCHIO (29
                  | gold, have 12).
   340 | D:1      | Mangled by a gnoll

Levels and vault maps discovered:
D:1:      evilmike_arrival_crescent, layout_rooms,
          shapermc_ecumenical_altar_notcrosses, serial_shops, shop, shop,
          nrook_campfire

Skill      XL: |  1  2 |
---------------+-------+-----
Ranged Weapons | 3 |  3.0
Fighting       | |  1.5
Dodging        | |  1.5
Spellcasting   | |  1.0
Hexes          | |  2.6

Action                     || total
---------------------------++-------
   Fire: Sling             ||    49
 Armour: Robe              ||     4
  Dodge: Dodged            ||    17

Table legend:
 A = Non-vault XP
 B = Vault XP
 C = Vault XP percentage of total XP
 D = Non-vault monster count
 E = Vault monster count
 F = Vault count percentage of total count
                 A         B        C        D         E       F
            +---------+---------+-------+---------+---------+-------
      Total |      26 |       0 |   0.0 |      16 |       0 |   0.0
            +---------+---------+-------+---------+---------+-------
        D:1 |      26 |       0 |   0.0 |      16 |       0 |   0.0
            +---------+---------+-------+---------+---------+-------
